 Dungeon Crawl Stone Soup version 0.24.0-5-g267a8d59f4 (webtiles) character file.

Game seed: 7704709581893762701, levelgen mode: deterministic

66 wullow the Ducker (level 4, -1/32 HPs)
             Began as a Merfolk Wanderer on Nov 2, 2019.
             Killed from afar by a dart slug (4 damage)
             ... with a slug dart
             ... on level 2 of the Dungeon.
             The game lasted 00:05:32 (1939 turns).

wullow the Ducker (Merfolk Wanderer)                Turns: 1939, Time: 00:05:32

Health: -1/32      AC:  3    Str: 10    XL:     4   Next: 15%
Magic:  3/6        EV: 14    Int: 15    God:
Gold:   42         SH:  0    Dex: 12    Spells: 5/6 levels left

rFire    . . .     SeeInvis +   a - +2 dagger
rCold    . . .     Gourm    .   (no shield)
rNeg     . . .     Faith    .   e - +0 robe
rPois    .         Spirit   .   (no helmet)
rElec    .         Reflect  .   i - +0 cloak
rCorr    .         Harm     .   (no gloves)
MR       .....                  (no boots)
Stlth    ++........             (no amulet)
HPRegen  0.10/turn              m - ring of see invisible
MPRegen  0.10/turn              (no ring)

@: very slightly contaminated
A: change form in water, swift swim, stealthy swim
a: no special abilities


You were on level 2 of the Dungeon.
You were not hungry.

You visited 1 branch of the dungeon, and saw 2 of its levels.

You collected 42 gold pieces.

Inventory:

Hand Weapons
 a - a +2 dagger (weapon)
 c - a +0 spear
 l - a +2 dagger of draining
Missiles
 b - 2 curare-tipped darts (quivered)
 k - 14 stones
Armour
 e - a +0 robe (worn)
 g - a +0 plate armour
 i - a +0 cloak (worn)
Jewellery
 m - a ring of see invisible (left hand)
Scrolls
 d - 5 scrolls of identify {unknown}
 h - a scroll of amnesia {unknown}
 o - a scroll of remove curse {unknown}
 r - a scroll of immolation {unknown}
Potions
 j - a potion of agility {unknown}
 n - a potion of flight {unknown}
 p - a potion of degeneration {unknown}
Comestibles
 f - 2 rations


   Skills:
 + Level 1.6 Fighting
 + Level 1.4 Short Blades
 - Level 1.0 Throwing
 + Level 4.4 Dodging
 + Level 2.3 Stealth
 - Level 2.1 Unarmed Combat
 + Level 1.8 Spellcasting
   Level 1.0 Fire Magic
 - Level 1.0 Earth Magic


You had 5 spell levels left.
You knew the following spells:

 Your Spells              Type           Power        Failure   Level  Hunger
a - Sandblast             Erth           #.....       16%         1    ##.....

Your spell library contained the following spells:

 Spells                   Type           Power        Failure   Level  Hunger
 Stone Arrow              Conj/Erth      #.....       50%         3    ####...


Dungeon Overview and Level Annotations

Branches:
Dungeon (2/15)

Altars:
Dithmenos


Message History

The blast of sand hits the sky beast.
The sky beast is heavily wounded.
k - 14 stones The sky beast flickers out of sight for a moment.
The sky beast hits you.
* * * LOW HITPOINT WARNING * * *
The sky beast shocks you.
* * * LOW HITPOINT WARNING * * *
Casting: Sandblast (safe; 16% risk of failure)
Confirm with . or Enter, or press ? or * to list all spells.
Aiming: Sandblast (safe; 16% risk of failure)
Press: ? - help, Shift-Dir - straight line, f/p - sky beast
Aim: a sky beast (heavily wounded, slightly transparent)
You miscast Sandblast.
Sand pours from your hands. The sky beast misses you.
The sky beast barely misses you.
The sky beast flickers out of sight for a moment.
A dart slug comes into view.
The dart slug launches a dart at you. The slug dart hits you.
You die...

.> ...##.# .##..##.#
....##.# #######
#..##.# #......
#..##.#########......
#.................#..
#..##.####.#.....###.
##..##Y# #...##..###.
#....@.# ###.###..#..
#.####.###..#
###..##...รท. #.
#......# #..#
#........... ..
######.###.##
#..##....... #.
#...w.# #.####..._.)
#.##### ###.###
#..##.......
####.#...#####.#
#...........
....[..........##
##....##.....
####.#...####...###
#..#.###..#..


You could see a sky beast (invisible) and a dart slug.

Vanquished Creatures
  An adder (D:2)
  A howler monkey skeleton (D:2)
  An ooze (D:1)
  A dart slug (D:2)
  6 goblins
  5 hobgoblins
  5 jackals (D:2)
  2 kobolds (D:1)
  2 ball pythons
  5 bats
  3 frilled lizards
  8 rats
40 creatures vanquished.

Notes
Turn   | Place    | Note
-------+----------+-------------------------------------------
     0 | D:1      | wullow the Merfolk Wanderer began the quest for the Orb.
     0 | D:1      | wullow set off with the following items: a +2 dagger, 2
                  | curare-tipped darts, a +0 spear, a +0 robe, a ration; and
                  | the following spell memorised: Sandblast; and the following
                  | spells available to memorise: Stone Arrow
     0 | D:1      | Reached XP level 1. HP: 13/13 MP: 2/2
   331 | D:1      | Reached XP level 2. HP: 10/20 MP: 3/3
   679 | D:1      | Reached skill level 1 in Fighting
   900 | D:1      | Reached XP level 3. HP: 26/26 MP: 5/5
  1162 | D:2      | Reached skill level 1 in Short Blades
  1478 | D:2      | Reached XP level 4. HP: 18/32 MP: 6/6
  1612 | D:2      | Found a shadowy altar of Dithmenos.
  1904 | D:2      | Noticed a sky beast
  1914 | D:2      | HP: 1/32 [sky beast (5)]
  1939 | D:2      | Killed from afar by a dart slug

Levels and vault maps discovered:
D:1:      nzn_arrival_water_spiral, layout_basic
D:2:      layout_loops_ring, overflow_temple_1_default,
          nicolae_dithmenos_shadow_blocks

Skill      XL: |  1  2  3 |
---------------+----------+-----
Fighting       | 1 |  1.6
Stealth        | 2 |  2.3
Short Blades   | 1 |  1.4
Throwing       | |  1.0
Dodging        | |  4.4
Unarmed Combat | |  2.1
Spellcasting   | |  1.8
Fire Magic     | |  1.0
Earth Magic    | |  1.0

Action                   |  1- 3 |  4- 6 || total
-------------------------+-------+-------++-------
Melee: Dagger            |   116 |    29 ||   145
       Punch             |     1 |     1 ||     2
 Cast: Sandblast         |       |     4 ||     4
 Stab: Sleeping          |     8 |       ||     8
  Eat: Chunk             |     2 |     1 ||     3
Armor: Robe              |    20 |     4 ||    24
Dodge: Dodged            |    67 |    27 ||    94
